AoeStats
← cisi1982

Arabia

509352439Analyzed
1v1 RM · 6d ago on Sep 26, 2026· 40m 13s· 2 players
Game mode
Random Map
Map size
Tiny (2 player)
Population
200
Speed
Normal
Resources
Standard
Victory
Conquest
Starting age
Dark Age
Ending age
Imperial Age
RankedLock teamsTeams togetherTeam positionsShared explorationLock speedFull tech treeHidden civsTurbo modeCheats
Victory
Defeat
🇨🇳 Varangians · China
978
+14
🇨🇿 Malians · Czechia
937
-14
cisi1982
7:20 Loom
9:39 Feudal Age
10:21 Double-Bit Axe
21:02 Castle Age
19:54 Forging
20:16 Bloodlines
21:17 Scale Barding Armor
21:50 Light Cavalry
28:41 Man-at-Arms
29:22 Squires
29:48 Long Swordsman
35:32 Scale Mail Armor
林冬芽
2:40 Loom
12:05 Feudal Age
12:32 Double-Bit Axe
13:36 Wheelbarrow
16:35 Bloodlines
17:17 Man-at-Arms
20:01 Scale Mail Armor
20:24 Town Watch
25:18 Castle Age
26:06 Forging
27:29 Gold Mining
30:53 Squires
30:49 Arson
31:41 Chain Mail Armor
36:11 Bow Saw
38:14 Iron Casting
39:10 Fletching
Connection lost

Rejoining the realm…

Still unreachable

The connection could not be restored.

Session expired

The server has moved on; the page needs a fresh start.